 Dungeon Crawl Stone Soup version 0.30-a0-389-g8d7d949f56 (webtiles) character file.

Game seed: 13018803702478285669

96 stonewall the Ruffian (level 4, -3/35 HPs)
             Began as a Draconian Transmuter on Dec 3, 2022.
             Slain by Dowan
             ... wielding a +3 dagger of electrocution
              (15 damage)
             ... on level 4 of the Dungeon.
             The game lasted 00:02:43 (2454 turns).

stonewall the Ruffian (Draconian Transmuter)        Turns: 2454, Time: 00:02:44

Health: -3/35      AC:  7    Str: 15    XL:     4   Next: 41%
Magic:  6/7        EV: 12    Int: 13    God:
Gold:   134        SH:  0    Dex: 11    Spells: 6/7 levels left

rFire   . . .      SeeInvis .      - Unarmed
rCold   . . .      Faith    .    (no shield)
rNeg    . . .      Spirit   .    (body armour unavailable)
rPois   .          Reflect  .    (helmet currently unavailable)
rElec   .          Harm     .    h - +1 cloak
rCorr   .          Rampage  .    (no gloves)
Will    .....                    (boots currently unavailable)
Stlth   +.........               (no amulet)
HPRegen 0.25/turn                (no ring)
MPRegen 0.10/turn                (no ring)

@: appendages (expiring)
A: horns 2, talons 2, AC +5, unfitting armour, cold-blooded
a: End Transformation


You were on level 4 of the Dungeon.
You had temporarily grown beastly horns and talons.
You visited 1 branch of the dungeon, and saw 4 of its levels.

You collected 134 gold pieces.

Inventory:

Missiles
 f - 3 boomerangs (quivered)
Armour
 h - a +1 cloak (worn)
Jewellery
 n - a +4 ring of protection
Scrolls
 c - a scroll of brand weapon
 l - a scroll of teleportation
 r - a scroll of butterflies
Potions
 a - a potion of lignification
 b - a potion of ambrosia {unknown}
 d - a potion of flight {unknown}
 e - a potion of berserk rage {unknown}
 g - a potion of might {unknown}
 j - a potion of magic {unknown}
 k - a potion of curing
 m - 2 potions of degeneration
 o - a potion of haste {unknown}
 q - a potion of cancellation {unknown}


   Skills:
 - Level 1.1 Fighting
 - Level 1.7 Dodging
 + Level 5.3 Unarmed Combat
 - Level 2.0 Spellcasting
 - Level 2.0 Transmutations


You had 6 spell levels left.
You knew the following spells:

 Your Spells              Type           Power      Damage    Failure   Level
a - Beastly Appendage     Tmut           12%        N/A       11%         1

Your spell library contained the following spells:

 Spells                   Type           Power      Damage    Failure   Level
 Wereblood                Tmut           6%         N/A       17%         2
 Magic Dart               Conj           4%         1d3       26%         1
 Searing Ray              Conj           2%         2d4       36%         2
 Spider Form              Tmut/Pois      3%         N/A       45%         3
 Ice Form                 Ice/Tmut       3%         N/A       86%         4
 Fulminant Prism          Conj/Hex       0%         3d5       94%         4


Dungeon Overview and Level Annotations

Branches:
Dungeon (4/15)
 Temple: D:4-7

Altars:
Fedhas
Trog

Annotations:
D:4 Dowan, Duvessa


Innate Abilities, Weirdness & Mutations

You have temporarily grown beastly horns and talons.
Your plain brown scales are hard. (AC +5)
You cannot fit into any form of body armour.
You are cold-blooded and may be slowed by cold attacks.


Message History

Press: ? - help, Q - select action, (/) - cycle Shift-Dir - straight line, f/p - Dowan
Aim: Dowan, wielding a +3 dagger of electrocution and wearing a +2 robe of willpower (lightly wounded, poisoned, 41% to hit)
You throw a poisoned dart. The poisoned dart hits Dowan.
Dowan is lightly wounded.
Dowan says, "Stay away from my face!"
You barely miss Dowan.
Dowan is lightly wounded.
Dowan smirks and points a slender finger.
Dowan barely misses you.
Casting: Beastly Appendage (safe; 11% risk of failure)
Confirm with . or Enter, or press ? or * to list all spells.
You grow a pair of large bovine horns.
Your feet morph into talons.
Dowan closely misses you.
Unknown command.
You closely miss Dowan. You claw Dowan.
Dowan is moderately wounded.
Dowan looks more healthy.
Dowan hits you with a +3 dagger of electrocution.
You are electrocuted!!
Ouch! That really hurt!
* * * LOW HITPOINT WARNING * * *
The ball python hisses angrily.
You hit Dowan. Your headbutt misses Dowan.
Dowan is heavily wounded.
Dowan hits you with a +3 dagger of electrocution.
* * * LOW HITPOINT WARNING * * *
Unknown command.
You barely miss Dowan. Your kick misses Dowan. Your headbutt misses Dowan.
Your tail-slap misses Dowan.
Dowan is heavily wounded.
Your transformation is almost over.
Dowan misses you.
Unknown command.
You hit Dowan but do no damage. You claw Dowan.
Dowan is heavily wounded.
Dowan says, "Magic and the sword, together, will defeat you."
Dowan hits you with a +3 dagger of electrocution.
* * * LOW HITPOINT WARNING * * *
You are electrocuted!
You die...

.. .... ... ..## ....
...# ....###..#
.........# .........#
.........# .. ........<#
....
........@############....
#####....e...............
#............>.......
#......S.............
#........((..........
#....................
..######..............
... #.............. ..
#..............


You could see Dowan and a ball python.

Vanquished Creatures
  4 gnolls (D:2)
  An adder (D:2)
  3 worms
  A dart slug (D:3)
  An orc (D:3)
  2 endoplasms
  2 giant cockroaches (D:3)
  3 goblins (D:3)
  2 hobgoblins
  5 jackals
  A quokka (D:1)
  3 ball pythons (D:2)
  A frilled lizard (D:2)
  3 kobolds
  6 rats
38 creatures vanquished.

Vanquished Creatures (others)
  A plant (D:2)
1 creature vanquished.

Grand Total: 39 creatures vanquished

Notes
Turn   | Place    | Note
-------+----------+-------------------------------------------
     0 | D:1      | stonewall the Draconian Transmuter began the quest for the
                  | Orb.
     0 | D:1      | Reached XP level 1. HP: 16/16 MP: 3/3
   844 | D:2      | Reached XP level 2. HP: 23/23 MP: 3/5
  1000 | D:2      | Reached skill level 4 in Unarmed Combat
  1102 | D:2      | Reached XP level 3. HP: 26/28 MP: 3/6
  1320 | D:2      | Reached skill level 5 in Unarmed Combat
  1320 | D:2      | Reached XP level 4. HP: 17/35 MP: 5/7
  1656 | D:3      | Found a bloodstained altar of Trog.
  1716 | D:3      | Found a blossoming altar of Fedhas.
  2425 | D:4      | Noticed Dowan
  2426 | D:4      | Noticed Duvessa
  2454 | D:4      | Slain by Dowan

Illustrated notes

Levels and vault maps discovered:
D:1:      wander_arrival_peaceful_grave, layout_basic
D:2:      layout_rooms, nicolae_grassy_gnolls
D:3:      layout_basic, fedhas_altar_1, lightli_temple_of_fire
D:4:      layout_gridville, minmay_temple_entry_mist, kennysheep_path_1,
          serial_bayou_lagoon_a, uniq_duvessa

Skill      XL: |  1  2  3 |
---------------+----------+-----
Unarmed Combat | 4 5 |  5.3
Fighting       | |  1.1
Dodging        | |  1.7
Spellcasting   | |  2.0
Transmutations | |  2.0

Action                   |  1- 3 |  4- 6 || total
-------------------------+-------+-------++-------
Melee: Unarmed           |    58 |    45 ||   103
       Kick              |     8 |    13 ||    21
       Headbutt          |     7 |     5 ||    12
       Tailslap          |     6 |     6 ||    12
       Punch             |     2 |     1 ||     3
Throw: Dart              |       |     3 ||     3
 Cast: Beastly Appendage |    13 |     6 ||    19
  Use: Scroll            |     3 |     5 ||     8
       Potion            |     3 |       ||     3
Armor: Skin              |    18 |     8 ||    26
Dodge: Dodged            |    27 |    21 ||    48

Table legend: (Time is in decaauts)
 A = Elapsed time spent in this place.
 B = Non-inter-level travel time spent in this place.
 C = Inter-level travel time spent in this place.
 D = Time resting spent in this place.
 E = Time spent auto-exploring this place.
 F = Levels seen in this place.
 G = Mean time per level.
                   A        B        C        D        E       F      G
               +--------+--------+--------+--------+--------+-----+--------+
         Total |   2446 |   2218 |    228 |      2 |   1825 |   4 |  611.5 |
       Dungeon |   2446 |   2218 |    228 |      2 |   1825 |   4 |  611.5 |
               +--------+--------+--------+--------+--------+-----+--------+

Top non-repeatable levels by time:
     D:1: 834 daAuts
     D:3: 804 daAuts
     D:2: 750 daAuts
     D:4: 57 daAuts
